Map: Hecate LE

Players

Torrescano - Winner!

  • Race: Protoss Protoss
  • League: Platinum
  • Spawn Location: 1:00

Subwayeatn

  • Race: Zerg Zerg
  • Spawn Location: 7:00

VOD

Have the link to the VOD?

Description

Time

  • Played on: Oct. 14, 2023, 8:10 p.m.
  • Length: 5:42
Show
View Real Time Build Order
Export as new Build Order

Torrescano Protoss - Winner!

Build Orders:  

Get SALT Encoding   

  12  0:01  Probe  
  13  0:15  Pylon  
  13  0:18  Probe (Chrono Boost)  
  15  0:29  Probe (Chrono Boost)  
  15  0:35  Gateway  
  15  0:36  Probe  
  16  0:49  Assimilator  
  16  0:53  Pylon  
  16  0:56  Probe (Chrono Boost)  
  17  1:08  Probe (Chrono Boost)  
  18  1:15  Probe (Chrono Boost)  
  19  1:23  Probe  
  19  1:24  Cybernetics Core  
  20  1:29  Gateway  
  20  1:33  Zealot  
  22  1:42  Pylon  
  22  1:46  Probe  
  23  1:58  Probe  
  24  2:05  Twilight Council  
  24  2:09  Shield Battery  
  24  2:11  Warp Gate  
  24  2:17  Zealot  
  24  2:19  Zealot  
  28  2:33  Gateway  
  28  2:36  Probe  
  29  2:47  Charge (Chrono Boost)  
  29  2:58  Zealot x2  
  31  3:05  Gateway  
  33  3:20  Zealot  
  33  3:25  Zealot  
  33  3:26  Zealot  
  39  3:38  Pylon  
  39  3:45  Pylon  
  39  4:01  Zealot  
  39  4:02  Zealot x2  
  45  4:04  Zealot  
  47  4:25  Nexus  
  47  4:29  Pylon  
  47  4:32  Pylon  
  45  5:09  Stalker x3  
  45  5:13  Zealot  
  53  5:17  Forge  
Show
View Real Time Build Order
Export as new Build Order

Subwayeatn Zerg 

Build Orders: Pool First 

Get SALT Encoding   

  12  0:09  Drone  
  12  0:12  Overlord  
  13  0:20  Drone  
  14  0:29  Extractor  
  14  0:30  Drone  
  14  0:40  Spawning Pool  
  13  0:45  Drone  
  14  0:53  Drone x2  
  16  1:04  Drone  
  17  1:13  Drone  
  18  1:28  Hatchery  
  17  1:36  Metabolic Boost  
  17  1:45  Queen  
  19  1:49  Zergling x2  
  20  1:54  Drone  
  20  2:00  Overlord  
  21  2:20  Zergling x2  
  22  2:25  Queen  
  22  2:29  Extractor  
  23  2:31  Drone  
  23  2:32  Drone  
  23  2:34  Drone  
  26  2:51  Queen  
  28  3:01  Pneumatized Carapace  
  28  3:23  Drone  
  28  3:24  Drone x4  
  28  3:25  Roach Warren  
  32  3:44  Lair  
  32  3:51  Drone, Extractor  
  32  3:52  Drone x4  
  36  4:10  Hatchery  
  36  4:14  Overlord  
  35  4:23  Roach  
  36  4:32  Roach  
  36  4:33  Roach x3  
  44  4:39  Spine Crawler  
  43  4:46  Overlord  
  43  4:52  Roach  
  41  4:53  Roach  
  31  5:06  Roach x4  
Tags
 
League
Platinum
Matchup
PvZ
Opening
Pool First
Replay Pack
Multiplayer
Spawn Locations
Cross Positions
Add a new tag
Caveats
  • Supply blocks, unpowered buildings, or Contaminate may cause inaccurate times.
  • Supply counts are checked every 10 seconds.